 Dungeon Crawl Stone Soup version 0.27-a0-1200-g94dc6ad4cf (webtiles) character file.

Game seed: 8581196687331166850

34906 spiderkeys the Spear-Bearer (level 14, -17/113 HPs)
             Began as a Formicid Abyssal Knight on May 31, 2021.
             Was a High Priest of Lugonu.
             Killed from afar by Jorgrun (47 damage)
             ... with an iron shot
             ... on level 12 of the Dungeon.
             The game lasted 00:32:58 (18665 turns).

spiderkeys the Spear-Bearer (FoAK)                 Turns: 18665, Time: 00:32:59

Health: -17/113    AC: 27    Str: 23    XL:     14   Next: 15%
Magic:  22/22      EV:  8    Int:  4    God:    Lugonu [*****.]
Gold:   1141       SH: 27    Dex: 10    Spells: 13/13 levels left

rFire    . . .     SeeInvis +   s - +1 halberd (vorpal)
rCold    + + +     Faith    +   V - +10 tower shield of Ignorance {rN+ Int-4}
rNeg     + + +     Spirit   .   G - +11 chain mail of the Louse {rC+++ rN++ Int-5}
rPois    +         Reflect  .   (helmet unavailable)
rElec    .         Harm     .   n - +2 cloak {rPois}
rCorr    +         Rampage  .   H - +0 pair of gloves
Will     +....                  (no boots)
Stlth    ..........             T - amulet of faith {!P}
HPRegen  0.28/turn              E - +4 ring of evasion
MPRegen  0.18/turn              R - ring of resist corrosion

@: grasped by roots, constricted, studying Throwing
A: permanent stasis, dig shafts and tunnels, antennae 3, four strong arms, beak,
clever 1
a: Dig, Shaft Self, Renounce Religion, Depart the Abyss, Bend Space, Banish,
Corrupt, Enter the Abyss


You were on level 12 of the Dungeon.
You worshipped Lugonu.
Lugonu was extremely pleased with you.
You visited 2 branches of the dungeon, and saw 14 of its levels.
You visited the Abyss 1 time.

You collected 2335 gold pieces.
You spent 1194 gold pieces at shops.


Innate Abilities, Weirdness & Mutations

You cannot be hasted, slowed, berserked, paralysed or teleported.
You can dig through walls and to a lower floor.
You have a pair of large antennae on your head. (SInv)
Your four strong arms can wield two-handed weapons with a shield.
You have a beak for a mouth.
Your mind is acute. (Int +2)


   Skills:
 + Level 11.1 Fighting
 * Level 13.7 Polearms
 + Level 10.9 Armour
 - Level 0.8 Dodging
 + Level 10.0 Shields
 + Level 11.7 Invocations


You had 13 spell levels left.
You didn't know any spells.
Your spell library contained the following spells:

 Spells                   Type           Power      Damage    Failure   Level
 Corona                   Hex            0%         N/A       100%        1
 Foxfire                  Conj/Fire      0%         2x1d4     100%        1
 Sandblast                Erth           0%         2d4       100%        1
 Ensorcelled Hibernation  Hex/Ice        0%         N/A       100%        2
 Passwall                 Tmut/Erth      0%         N/A       100%        2
 Confusing Touch          Hex            0%         N/A       100%        3
 Conjure Flame            Conj/Fire      0%         6-21      100%        3
 Dazzling Flash           Conj/Hex       0%         N/A       100%        3
 Gell's Gravitas          Tloc           0%         N/A       100%        3
 Inner Flame              Hex/Fire       0%         N/A       100%        3
 Stone Arrow              Conj/Erth      0%         3d7       100%        3
 Tukima's Dance           Hex            0%         N/A       100%        3
 Petrify                  Tmut/Erth      0%         N/A       100%        4
 Sticky Flame             Conj/Fire      0%         2d3       100%        4
 Fireball                 Conj/Fire      0%         3d3       100%        5
 Lee's Rapid Deconstruct  Erth           0%         3d5*      100%        5
 Metabolic Englaciation   Hex/Ice        0%         N/A       100%        5
 Yara's Violent Unravell  Hex/Tmut       0%         3d3       100%        5

Inventory:

Hand Weapons
 b - a +0 hunting sling
   (You found it on level 3 of the Dungeon)
 s - a +1 vorpal halberd (weapon)
   (You took it off a gnoll on level 5 of the Dungeon)
Missiles
 c - 70 sling bullets
 d - 46 poisoned darts
 e - 3 silver boomerangs
 f - 250 stones
 g - 281 arrows
 j - 8 boomerangs of dispersal {=f!f}
 r - 96 bolts
 v - a throwing net {=f!f}
 y - 10 boomerangs
 F - 2 curare-tipped darts {=f}
Armour
 n - a +2 cloak of poison resistance (worn)
   (You took it off Crazy Yiuf on level 3 of the Dungeon)
 G - the +11 chain mail of the Louse (worn) {rC+++ rN++ Int-5}
   (You found it on level 7 of the Dungeon)

   It affects your intelligence (-5).
   It renders you almost immune to cold.
   It greatly protects you from negative energy.
 H - a +0 pair of gloves (worn)
   (You found it on level 8 of the Dungeon)
 V - the +10 tower shield of Ignorance (worn) {rN+ Int-4}
   (You bought it in a shop on level 2 of the Orcish Mines)

   It affects your intelligence (-4).
   It protects you from negative energy.
Magical Staves
 I - a staff of air {!a}
   (You found it on level 9 of the Dungeon)
Jewellery
 E - a +4 ring of evasion (left hand)
   (You found it on level 1 of the Dungeon)
 N - a ring of positive energy
   (You found it on level 3 of the Dungeon)
 R - a ring of resist corrosion (right hand)
   (You found it on level 5 of the Dungeon)
 T - an amulet of faith (around neck) {!P}
   (You found it on level 2 of the Abyss)
Wands
 i - a wand of digging (4)
   (You found it on level 4 of the Dungeon)
 z - a wand of flame (13)
   (You found it on level 10 of the Dungeon)
 J - a wand of mindburst (3)
   (You found it on level 11 of the Dungeon)
 L - a wand of charming (3)
   (You found it on level 11 of the Dungeon)
Scrolls
 l - 4 scrolls of enchant weapon
 p - a scroll of vulnerability {!r!r}
 q - 2 scrolls of immolation {!r!r}
 x - 2 scrolls of fear
 A - a scroll of holy word
 M - a scroll of magic mapping {!r}
 U - a scroll of identify {@r1}
Potions
 a - a potion of magic
 h - a potion of haste {@q3}
 k - a potion of resistance
 o - a potion of flight
 t - a potion of brilliance
 w - 2 potions of might
 C - a potion of mutation {!q}
 D - 3 potions of heal wounds {@q2}
 K - a potion of invisibility
 O - 3 potions of curing {@q1}
 P - a potion of cancellation
 Q - a potion of lignification {!q}
 S - a potion of attraction {!q}

Dungeon Overview and Level Annotations

Branches:
Dungeon (12/15)            Temple (0/1) D:4            Lair (0/6) D:8
    Orc (2/2) D:9             Elf (0/3) Orc:2

Altars:
Cheibriados
Nemelex Xobeh
Okawaru
Qazlal
Ru
Sif Muna
Trog
Uskayaw
Vehumet
Wu Jian
Xom
Yredelemnul
Beogh

Shops:
Orc:2 ![*[

Annotations:
D:12 Jorgrun
Abyss:1 Psyche

#..## ##..#
##.# #### #.#
..... ### ###
#'###
.....##.#...
#...#
..[...#.#.#
#.#.#
......g...#
#.#.#
#@#######.#.#
#........>#.#
########'####
#.# ##.# #..#
#.## #.# #.#


You could see Jorgrun.


Message History

You hit the orc but do no damage. Your peck misses the orc.
You block the orc's attack.
You hit the orc but do no damage. You block the orc's attack.
You puncture the orc!
You kill the orc!
Lugonu accepts your kill.
No target in view!
There is an open door, spattered with blood here.
Items here: )))) [[ ††.
c - 70 sling bullets (gained 26)
There is an open door, spattered with blood here.
Items here: )))) [[ ††.
Things that are here:
a +0 dire flail; a +0 plate armour; an orc corpse
There is an open door, spattered with blood here.
Items here: )))) [[ ††.
You open the door.
Found a stone staircase leading down.
There is an open door here.
There is a stone staircase leading down here.
You open the door.
There is an open door here.
There is an open door here.
You sense a monster nearby.
Jorgrun Earthshaker comes into view.
He is wielding a +0 vorpal quarterstaff and wearing a +2 robe of willpower.
You reach to attack!
You closely miss Jorgrun.
Jorgrun says, "Yer just na down-ta-earth enough."
You miss Jorgrun. You block Jorgrun's attack.
You miss Jorgrun. Your peck misses Jorgrun.
Jorgrun hits you with a +0 vorpal quarterstaff! 😕 HP[-14]
You take 14 damage, and now have 99/113 hp.
You hit Jorgrun but do no damage. Your peck misses Jorgrun.
Jorgrun gestures at you while chanting. The iron shot misses you.
You slice Jorgrun!!
Jorgrun hits you with a +0 vorpal quarterstaff! 😕 HP[-11]
You take 11 damage, and now have 88/113 hp.
You miss Jorgrun. Your peck misses Jorgrun. You block Jorgrun's attack.
Your chain mail of the Louse prevents you from hitting Jorgrun.
Jorgrun says, "I've ne'er se'n tha particular type o' rock formation 'fore."
You block Jorgrun's attack.
You barely miss Jorgrun. Jorgrun gestures at you while chanting.
You resist with significant effort.
You slash Jorgrun!
Jorgrun says, "Tha earth be me home, an' ye be trespassing!"
Jorgrun casts a spell at you. You block the iron shot. 😕 HP[+1]
You hit Jorgrun but do no damage.
Jorgrun says, "A few more walls knocked out 'ere an' thar an' 'tis whole place will come crashin' down."
Jorgrun hits you with a +0 vorpal quarterstaff! 😮 HP[-11]
You take 11 damage, and now have 78/113 hp.
You are too injured to fight recklessly!
You barely miss Jorgrun. You block Jorgrun's attack.
You hit Jorgrun. You block Jorgrun's attack. 😮 HP[+1]
You puncture Jorgrun! You peck Jorgrun. You hit Jorgrun.
You block Jorgrun's attack.
You closely miss Jorgrun.
Jorgrun hits you with a +0 vorpal quarterstaff! 😮 HP[-12]
You take 12 damage, and now have 67/113 hp.
You slice Jorgrun!! You block Jorgrun's attack. 😮 HP[+1]
You hit Jorgrun.
Jorgrun says, "'tis place shall be yer tomb!"
Jorgrun gestures at you while chanting.
The wall shatters!
The blast of rock fragments hits you. 😮 HP[-3]
You take 3 damage, and now have 65/113 hp.
You completely miss Jorgrun. You block Jorgrun's attack.
You barely miss Jorgrun. You peck Jorgrun, but do no damage.
Jorgrun gestures at you while chanting.
The wall shatters!
The blast of rock fragments hits you!!
* * * LOW HITPOINT WARNING * * *
😨 HP[-19]
You take 19 damage, and now have 46/113 hp.
You slice Jorgrun!! Jorgrun casts a spell at you.
Roots burst forth from the earth!
The grasping roots grab you!
* * * LOW HITPOINT WARNING * * *
The grasping roots constrict you. 😨 HP[-3]
You take 3 damage, and now have 43/113 hp.
You barely miss Jorgrun. Your peck misses Jorgrun.
Jorgrun gestures at you while chanting. You block the iron shot.
* * * LOW HITPOINT WARNING * * *
The grasping roots constrict you! 😨 HP[-13]
You take 13 damage, and now have 30/113 hp.
You barely miss Jorgrun. Jorgrun casts a spell at you.
The iron shot hits you!!!
You die...

Skill      XL: |  1  2  3  4  5  6  7  8  9 10 11 12 13 14 |
---------------+-------------------------------------------+-----
Shields        | 1 2 3 4 5 6 8 9 10 | 10.0
Polearms       | 3 4 5 7 8 9 11 12 13 | 13.7
Invocations    | 3 4 6 8 9 10 11 | 11.7
Armour         | 3 4 5 6 7 8 9 10 | 10.9
Fighting       | 4 6 8 9 10 11 | 11.1
Dodging        | |  0.8

Action                   |  1- 3 |  4- 6 |  7- 9 | 10-12 | 13-15 || total
-------------------------+-------+-------+-------+-------+-------++-------
Melee: Spear             |   142 |   244 |    38 |       |       ||   424
       Peck              |       |    17 |    33 |   113 |    60 ||   223
       Trident           |       |       |    14 |       |       ||    14
       Halberd           |       |       |   181 |   638 |   362 ||  1181
       Unarmed           |       |       |       |     1 |       ||     1
 Fire: Hunting sling     |       |       |     5 |       |       ||     5
Throw: Dart              |       |       |     1 |     3 |     7 ||    11
Invok: Depart the Abyss  |     1 |       |       |       |       ||     1
       Bend Space        |       |       |     3 |     2 |       ||     5
       Banish            |       |       |     2 |     9 |     3 ||    14
 Abil: Dig               |       |       |     2 |     6 |     1 ||     9
Evoke: Wand              |       |       |    12 |     5 |       ||    17
  Use: Scroll            |       |     4 |     9 |     5 |     1 ||    19
       Potion            |       |     4 |     1 |       |       ||     5
 Stab: Invisible         |       |     1 |       |       |       ||     1
Armor: Leather armour    |    17 |    10 |       |       |       ||    27
       Ring mail         |       |    18 |    39 |       |       ||    57
       Chain mail        |       |       |    50 |   264 |   106 ||   420
       Skin              |       |       |       |     1 |       ||     1
Dodge: Dodged            |    70 |   130 |   103 |   251 |   107 ||   661
Block: Buckler           |     5 |    27 |    50 |    22 |       ||   104
       Kite shield       |       |       |       |   272 |    97 ||   369
       Tower shield      |       |       |       |       |   262 ||   262

Levels and vault maps discovered:
D:1:      amcnicky_arrival_choice, layout_rooms, basic_ecumenical_altar
D:2:      layout_loops_ring, grunt_ministairs_15, st_stairs_6,
          corexii_corridor_pit, minmay_door_square,
          amcnicky_mini_corridor_feature, minmay_statues_item
D:3:      layout_loops_ring, minitemple, uniq_crazy_yiuf_cottage
D:4:      layout_cave_pools, minmay_temple_entry_large_hall,
          chequers_serial_rivers_micro_d, kennysheep_opposing_triangles
D:5:      layout_gridville, minmay_small_thing
D:6:      layout_layer_cave
D:7:      layout_basic, minmay_manual_moon
D:8:      layout_loops_ring, lair_entry_dummy
D:9:      layout_stronghold, lemuel_round_altar, orc_0_dummy,
          gammafunk_ghost_mausoleum, uniq_psyche
D:10:     layout_roguey, nicolae_overflow_hidden_temple, grunt_qazlal_sundering,
          lemuel_coloured_pillars_altar, lemuel_tele_altar,
          gammafunk_ghost_wrathful_warriors, uniq_urug
D:11:     layout_roguey
D:12:     layout_roguey, uniq_jorgrun
Orc:1:    layout_diamond_mine, mines2_david, uniq_maurice
Orc:2:    st_orc_ogre_mass, layout_caves, okawaru_metal_pillars_3, uniq_snorg

Notes
Turn   | Place    | Note
-------+----------+-------------------------------------------
     0 | Abyss:1  | spiderkeys the Formicid Abyssal Knight began the quest for
                  | the Orb.
     0 | Abyss:1  | Reached XP level 1. HP: 18/18 MP: 2/2
     0 | Abyss:1  | magus.rc [v1.9.10]
    27 | Abyss:1  | Noticed a large abomination
    27 | Abyss:1  | Noticed an ancient zyme
    32 | Abyss:1  | Noticed an iron imp
    56 | Abyss:2  | Noticed a starcursed mass
    58 | D:1      | You pass through the gate.
    58 | D:1      | Escaped the Abyss
   170 | D:1      | Reached * piety under Lugonu
   316 | D:1      | Found a faded altar of an unknown god.
   328 | D:1      | Reached XP level 2. HP: 24/24 MP: 3/3
   690 | D:1      | Reached XP level 3. HP: 24/29 MP: 4/4
  1245 | D:2      | Reached ** piety under Lugonu
  1643 | D:2      | You fall into a shaft and drop 1 floor!
  1753 | D:2      | Reached skill level 1 in Shields
  1753 | D:2      | Reached XP level 4. HP: 19/36 MP: 6/6
  2306 | D:3      | Reached skill level 3 in Polearms
  2511 | D:3      | Reached skill level 3 in Invocations
  2660 | D:3      | Found a radiant altar of Vehumet.
  2665 | D:3      | Reached skill level 3 in Armour
  2666 | D:3      | Reached XP level 5. HP: 42/42 MP: 7/7
  2680 | D:3      | Found a shimmering altar of Xom.
  2691 | D:3      | Found an ornate altar of the Wu Jian Council.
  2692 | D:3      | Found a sparkling altar of Nemelex Xobeh.
  2692 | D:3      | Found a hide-covered altar of Uskayaw.
  2694 | D:3      | Found an iron altar of Okawaru.
  2697 | D:3      | Found a bloodstained altar of Trog.
  2855 | D:3      | Reached *** piety under Lugonu
  2869 | D:3      | Reached skill level 4 in Fighting
  2869 | D:3      | Reached skill level 2 in Shields
  3236 | D:3      | Reached XP level 6. HP: 36/48 MP: 8/8
  3389 | D:3      | Found a runed translucent door.
  3390 | D:3      | Noticed Crazy Yiuf
  3520 | D:3      | Gained mutation: You have a beak for a mouth. [potion of
                  | mutation]
  3520 | D:3      | Gained mutation: Your mind is acute. (Int +2) [potion of
                  | mutation]
  3528 | D:3      | Killed Crazy Yiuf
  3573 | D:4      | Found a staircase to the Ecumenical Temple.
  3581 | D:4      | Identified the +0 ring mail "Saapiux" {rPois rC+ Int-5
                  | Dex+3}
  3626 | D:4      | Reached skill level 4 in Polearms
  4008 | D:3      | Identified a scroll of acquirement
  4008 | D:3      | Acquired 807 gold pieces
  4074 | D:4      | Reached XP level 7. HP: 46/55 MP: 9/9
  4296 | D:4      | Reached skill level 3 in Shields
  4296 | D:4      | Reached skill level 4 in Invocations
  4717 | D:4      | Reached skill level 5 in Polearms
  4717 | D:4      | Reached skill level 4 in Armour
  4970 | D:5      | Entered Level 5 of the Dungeon
  5014 | D:5      | Reached XP level 8. HP: 60/61 MP: 11/11
  5213 | D:5      | Reached skill level 5 in Fighting
  5232 | D:5      | Reached skill level 4 in Shields
  5688 | D:5      | Noticed a wraith
  5697 | D:5      | Killed a wraith
  5698 | D:5      | Reached skill level 6 in Polearms
  5698 | D:5      | Reached skill level 5 in Invocations
  5833 | D:5      | Reached **** piety under Lugonu
  5845 | D:5      | Reached skill level 5 in Armour
  5889 | D:5      | Noticed a two-headed ogre
  6302 | D:5      | Banished a two-headed ogre
  6303 | D:5      | Reached skill level 6 in Fighting
  6303 | D:5      | Reached skill level 7 in Polearms
  6303 | D:5      | Reached skill level 6 in Invocations
  6303 | D:5      | Reached XP level 9. HP: 38/69 MP: 7/13
  6574 | D:6      | You pick up a book of Maledictions and begin reading...
  6574 | D:6      | You add the spells Corona, Ensorcelled Hibernation,
                  | Confusing Touch, Tukima's Dance and Dazzling Flash to your
                  | library.
  7076 | D:6      | Reached skill level 6 in Armour
  7131 | D:6      | Reached skill level 8 in Polearms
  8133 | D:7      | Reached XP level 10. HP: 77/77 MP: 15/15
  8138 | D:7      | Reached skill level 7 in Invocations
  8209 | D:7      | Reached skill level 7 in Fighting
  8337 | D:7      | Noticed a red ugly thing
  8342 | D:7      | Banished a red ugly thing
  8349 | D:7      | Reached skill level 9 in Polearms
  8349 | D:7      | Reached skill level 7 in Armour
  9120 | D:7      | Identified the +11 chain mail of the Louse {rC+++ rN++
                  | Int-5}
  9403 | D:8      | You pick up a book of Flames and begin reading...
  9403 | D:8      | You add the spells Foxfire, Conjure Flame, Inner Flame,
                  | Sticky Flame and Fireball to your library.
  9634 | D:8      | Reached ***** piety under Lugonu
  9842 | D:8      | Found a staircase to the Lair.
 10123 | D:9      | Reached skill level 8 in Invocations
 10294 | D:9      | Found a staircase to the Orcish Mines.
 10362 | D:9      | Reached skill level 8 in Fighting
 10408 | D:9      | Found a transporter.
 10410 | D:9      | Found a transporter.
 10411 | D:9      | Noticed zarzak's ghost (novice DgFi)
 10568 | D:9      | Found a snail-covered altar of Cheibriados.
 10793 | D:9      | You pick up a book of Misfortune and begin reading...
 10793 | D:9      | You add the spells Gell's Gravitas, Petrify, Metabolic
                  | Englaciation and Yara's Violent Unravelling to your
                  | library.
 10803 | D:9      | Noticed Psyche
 10846 | D:9      | Banished Psyche
 10847 | D:9      | Reached skill level 5 in Shields
 10847 | D:9      | Reached XP level 11. HP: 30/86 MP: 8/17
 11104 | D:9      | Reached skill level 10 in Polearms
 11219 | D:10     | Entered Level 10 of the Dungeon
 11245 | D:10     | Found a transporter.
 11247 | D:10     | Noticed a moth of wrath
 11249 | D:10     | Noticed a tengu warrior
 11251 | D:10     | Noticed supercan's ghost (journeyman MfBe)
 11262 | D:10     | Found a bloodstained altar of Trog.
 11264 | D:10     | Found a transporter.
 11565 | D:10     | Found a stormy altar of Qazlal.
 11569 | D:10     | Noticed Urug
 11698 | D:10     | Reached skill level 8 in Armour
 11744 | D:10     | Found a sacrificial altar of Ru.
 11936 | D:10     | Reached skill level 6 in Shields
 12076 | D:10     | Reached skill level 9 in Invocations
 12136 | D:10     | Found a shimmering blue altar of Sif Muna.
 12203 | D:10     | Found a basalt altar of Yredelemnul.
 12659 | D:11     | Noticed a manticore
 12673 | D:11     | Killed a manticore
 13067 | D:11     | You pick up a book of Geomancy and begin reading...
 13067 | D:11     | You add the spells Sandblast, Passwall, Stone Arrow and
                  | Lee's Rapid Deconstruction to your library.
 13402 | Orc:1    | Entered Level 1 of the Orcish Mines
 13493 | Orc:1    | Reached skill level 9 in Fighting
 13493 | Orc:1    | Reached skill level 11 in Polearms
 13645 | Orc:1    | Noticed an orc knight
 13654 | Orc:1    | Banished an orc knight
 13663 | Orc:1    | Reached XP level 12. HP: 83/95 MP: 11/19
 13852 | Orc:2    | Entered Level 2 of the Orcish Mines
 14181 | Orc:2    | Noticed a two-headed ogre
 14181 | Orc:2    | Noticed a two-headed ogre
 14187 | Orc:2    | Noticed a two-headed ogre
 14210 | Orc:1    | Killed a two-headed ogre
 14211 | Orc:1    | Reached skill level 7 in Shields
 14373 | Orc:1    | Reached skill level 9 in Armour
 14695 | Orc:1    | Noticed Maurice
 14706 | Orc:1    | Killed Maurice
 14760 | Orc:1    | Reached skill level 10 in Invocations
 15253 | Orc:2    | Noticed a two-headed ogre
 15271 | Orc:1    | Killed a two-headed ogre
 15445 | Orc:2    | Noticed an ogre mage
 15447 | Orc:2    | Noticed an orc warlord
 15537 | Orc:2    | Noticed a two-headed ogre
 15539 | Orc:2    | Noticed a two-headed ogre
 15549 | Orc:1    | Killed a two-headed ogre
 15550 | Orc:1    | Reached skill level 12 in Polearms
 15647 | Orc:2    | Noticed an ettin
 15649 | Orc:2    | HP: 21/97 [two-headed ogre/+0 giant club (14)]
 15663 | Orc:1    | Killed a two-headed ogre
 15664 | Orc:1    | Reached skill level 8 in Shields
 15964 | Orc:2    | Noticed an ogre mage
 15984 | Orc:1    | Killed a two-headed ogre
 16146 | Orc:2    | Banished an orc warlord
 16147 | Orc:2    | Reached skill level 10 in Fighting
 16147 | Orc:2    | Reached XP level 13. HP: 103/103 MP: 15/20
 16148 | Orc:2    | Identified a +2 robe of the Archmagi
 16148 | Orc:2    | Noticed an ogre mage
 16152 | Orc:1    | Killed an ogre mage
 16317 | Orc:1    | Reached skill level 10 in Armour
 16646 | Orc:2    | Noticed an ogre mage
 16664 | Orc:1    | Reached skill level 9 in Shields
 16664 | Orc:1    | Reached skill level 11 in Invocations
 16919 | Orc:1    | Killed an ogre mage
 17033 | Orc:2    | Killed an ogre mage
 17034 | Orc:2    | Reached skill level 13 in Polearms
 17058 | Orc:2    | Found an iron altar of Okawaru.
 17245 | Orc:2    | Killed an ogre mage
 17348 | Orc:2    | Killed an ettin
 17397 | Orc:2    | Found Rueca's Armour Shop.
 17398 | Orc:2    | Found Ynilyo's General Store.
 17398 | Orc:2    | Found Baymin's Distillery.
 17398 | Orc:2    | Found Xonycag's Armour Emporium.
 17405 | Orc:2    | Bought a scroll of magic mapping for 52 gold pieces
 17408 | Orc:2    | Bought a potion of curing for 30 gold pieces
 17408 | Orc:2    | Bought 2 potions of curing for 60 gold pieces
 17408 | Orc:2    | Bought a potion of heal wounds for 50 gold pieces
 17491 | Orc:2    | Noticed Snorg
 17497 | Orc:2    | Killed Snorg
 17563 | Orc:2    | Found a staircase to the Elven Halls.
 17734 | Orc:2    | Bought a potion of cancellation for 80 gold pieces
 17734 | Orc:2    | Bought a potion of lignification for 30 gold pieces
 17734 | Orc:2    | Bought a potion of attraction for 30 gold pieces
 17736 | Orc:2    | Bought a scroll of identify for 30 gold pieces
 17736 | Orc:2    | Bought a scroll of identify for 30 gold pieces
 17737 | Orc:2    | Bought the +10 tower shield of Ignorance {rN+ Int-4} for
                  | 802 gold pieces
 17737 | Orc:2    | Found the +10 tower shield of Ignorance {rN+ Int-4}
 17873 | D:9      | Killed zarzak's ghost
 17887 | D:9      | Reached ****** piety under Lugonu
 17966 | D:10     | Reached skill level 11 in Fighting
 18039 | D:10     | Killed supercan's ghost
 18040 | D:10     | Reached XP level 14. HP: 91/113 MP: 22/22
 18414 | D:12     | Reached skill level 10 in Shields
 18642 | D:12     | Noticed Jorgrun
 18665 | D:12     | Killed from afar by Jorgrun

Vanquished Creatures
  An ettin (Orc:2)
  Snorg (Orc:2)
  The ghost of supercan the Spear-Bearer, a journeyman MfBe of Trog (D:10)
  4 ogre magi
  12 two-headed ogres
  A tengu warrior (D:10)
  The ghost of zarzak the Covered, a novice DgFi (D:9)
  2 cyclopes
  An orc sorcerer (Orc:1)
  A manticore (D:11)
  A moth of wrath (D:10)
  Maurice (Orc:1)
  A komodo dragon (shapeshifter) (D:12)
  An unseen horror (D:11)
  7 trolls
  A centaur simulacrum (D:9)
  2 wraiths
  2 shadows
  18 yaks
  3 vampires
  A steam dragon (D:9)
  4 wargs (Orc:1)
  A water moccasin (D:8)
  A sky beast (D:8)
  22 orc warriors
  A black bear (D:6)
  3 necrophages
  2 ice beasts (D:6)
  10 centaurs
  20 ogres
  4 phantoms
  3 kobold brigands
  2 bullfrogs
  A gnoll sergeant (D:5)
  2 water moccasin zombies
  3 scorpions
  A water moccasin skeleton (D:4)
  9 wights
  3 hounds
  2 centaur zombies
  A jelly (D:3)
  Crazy Yiuf (D:3)
  A bullfrog skeleton (D:7)
  A centaur skeleton (D:5)
  8 orc priests
  4 iguanas
  A scorpion zombie (D:5)
  20 orc wizards
  A mummy (D:9)
  2 howler monkey zombies
  9 gnolls
  A howler monkey skeleton (D:7)
  8 adders
  A white imp (D:7)
  A worm (D:2)
  5 dart slugs
  62 orcs
  8 ball pythons
  9 endoplasms
  6 goblins
  4 hobgoblins
  11 jackals
  23 kobolds
  8 quokkas
  3 bats
  4 frilled lizards
  3 rats (D:1)
363 creatures vanquished.

Vanquished Creatures (others)
  An orc wizard (D:3)
  2 fungi (D:3)
3 creatures vanquished.

Grand Total: 366 creatures vanquished

Table legend:
 A = Non-vault XP
 B = Vault XP
 C = Vault XP percentage of total XP
 D = Non-vault monster count
 E = Vault monster count
 F = Vault count percentage of total count
                 A         B        C        D         E       F
            +---------+---------+-------+---------+---------+-------
      Total |   24407 |   25460 |  51.1 |     303 |      70 |  18.8
            +---------+---------+-------+---------+---------+-------
        D:1 |      35 |       0 |   0.0 |      21 |       0 |   0.0
        D:2 |      32 |       8 |  20.0 |      14 |       3 |  17.6
        D:3 |     227 |      41 |  15.3 |      34 |       1 |   2.9
        D:4 |     367 |     215 |  36.9 |      18 |       4 |  18.2
        D:5 |     930 |     888 |  48.8 |      21 |       1 |   4.5
        D:6 |     931 |       0 |   0.0 |      15 |       0 |   0.0
        D:7 |    1003 |     801 |  44.4 |      29 |       6 |  17.1
        D:8 |     960 |       0 |   0.0 |      24 |       0 |   0.0
        D:9 |    1505 |    1945 |  56.4 |      13 |       7 |  35.0
       D:10 |    4056 |    3214 |  44.2 |      17 |       7 |  29.2
       D:11 |    1526 |       0 |   0.0 |       6 |       0 |   0.0
       D:12 |    2683 |       0 |   0.0 |      15 |       0 |   0.0
      Orc:1 |    6320 |   12144 |  65.8 |      64 |      31 |  32.6
      Orc:2 |    3832 |    6204 |  61.8 |      12 |      10 |  45.5
            +---------+---------+-------+---------+---------+-------

Illustrated notes

Table legend:
 A = Kills in this place as a percentage of kills in entire the game.
 B = Kills by you in this place as a percentage of kills by you in the entire game.
 C = Kills by friends in this place as a percentage of kills by friends in the entire game.
 D = Other kills in this place as a percentage of other kills in the entire game.
 E = Experience gained in this place as a percentage of experience gained in the entire game.
 F = Experience gained in this place divided by the number of levels of this place that you have seen.
                   A       B       C       D       E      F
               +-------+-------+-------+-------+-------+----------------------
         Total | 100.0 | 100.0 |   N/A | 100.0 | 100.0 | 3116.7
       Dungeon |  68.6 |  68.6 |   N/A |  70.0 |  42.8 | 1780.6
  Orcish Mines |  31.4 |  31.4 |   N/A |  30.0 |  57.2 | 14250.0
               +-------+-------+-------+-------+-------+----------------------

Table legend: (Time is in decaauts)
 A = Elapsed time spent in this place.
 B = Non-inter-level travel time spent in this place.
 C = Inter-level travel time spent in this place.
 D = Time resting spent in this place.
 E = Time spent auto-exploring this place.
 F = Levels seen in this place.
 G = Mean time per level.
                   A        B        C        D        E       F      G
               +--------+--------+--------+--------+--------+-----+--------+
         Total |  18751 |  18108 |    643 |   2654 |  11962 |  16 | 1171.9 |
       Dungeon |  14288 |  13834 |    454 |   1342 |  10017 |  12 | 1190.7 |
  Orcish Mines |   4405 |   4216 |    189 |   1311 |   1945 |   2 | 2202.5 |
         Abyss |     57 |     57 |      0 |      0 |      0 |   2 |   28.5 |
               +--------+--------+--------+--------+--------+-----+--------+

Top non-repeatable levels by time:
   Orc:1: 3410 daAuts
     D:3: 1650 daAuts
     D:6: 1516 daAuts
    D:10: 1502 daAuts
     D:7: 1394 daAuts
     D:9: 1298 daAuts
     D:4: 1283 daAuts
     D:5: 1277 daAuts
     D:2: 1144 daAuts
     D:1: 1042 daAuts
   Orc:2: 994 daAuts
    D:11: 949 daAuts
     D:8: 792 daAuts
    D:12: 436 daAuts
 Abyss:1: 47 daAuts
